[Event "SWE-ch 65 2019"]
[Site "Eskilstuna"]
[Date "2019.07.06"]
[Round "1.1"]
[White "Bellon Lopez, Juan Manuel"]
[Black "Olsson, Sture"]
[Result "1-0"]
[ECO "D00"]
[WhiteElo "2343"]
[BlackElo "1895"]
[Annotator "NA"]
[PlyCount "67"]
[EventDate "2019.07.06"]
[EventType "tourn"]
[EventCountry "SWE"]
[SourceTitle "playchess.com"]
[Source "ChessBase"]
[SourceQuality "1"]
[TimeControl "40/5400+30:1800+30"]

1. d4 Nf6 2. Bg5 d5 3. Bxf6 gxf6 4. e3 e6 5. c4 c6 6. Nc3 Nd7 7. g4 Qa5 8. a3 a6 9. b4 Qd8 10. c5 Bg7 11. Nge2 O-O 12. Ng3 Re8 13. Bd3 e5 14. Kf1 Nf8 15. Bf5 Ng6 16. Bxc8 Rxc8 17. Nf5 Bf8 18. Qf3 Re6 19. h4 Ra8 20. h5 Ne7 21. Nd6 Rb8 22. dxe5 Nc8 23. Ne2 Rxe5 24. Nxc8 Rxc8 25. Nd4 Ra8 26. Rb1 Qe7 27. h6 Rg5 28. Qf4 Qe4 29. Qxe4 dxe4 30. Rh4 Rd8 31. Ke2 Rdd5 32. Nf5 Rg6 33. Rd1 Rg5 34. Rd4 1-0

[Event "SWE-ch 65 2019"]
[Site "Eskilstuna"]
[Date "2019.07.06"]
[Round "1.2"]
[White "Lundquist, Leif"]
[Black "Blomstrom, Lars"]
[Result "0-1"]
[ECO "B88"]
[WhiteElo "1885"]
[BlackElo "2153"]
[Annotator "NA"]
[PlyCount "64"]
[EventDate "2019.07.06"]
[EventType "tourn"]
[EventCountry "SWE"]
[SourceTitle "playchess.com"]
[Source "ChessBase"]
[SourceQuality "1"]
[TimeControl "40/5400+30:1800+30"]

1. e4 c5 2. Nf3 Nc6 3. d4 cxd4 4. Nxd4 Nf6 5. Nc3 d6 6. Bc4 e6 7. Bb3 a6 8. O-O Qc7 9. Kh1 Be7 10. f4 O-O 11. f5 Nxd4 12. Qxd4 b5 13. fxe6 Bxe6 14. Bf4 Nd7 15. Rad1 Ne5 16. Nd5 Bxd5 17. Qxd5 Rad8 18. a4 bxa4 19. Bxa4 Bf6 20. Bb3 Qe7 21. Ra1 Ra8 22. Ra5 Rfd8 23. Rfa1 Ng4 24. Rxa6 Rxa6 25. Rxa6 Nf2+ 26. Kg1 Nxe4 27. Ra1 Ng5 28. Rd1 Ne6 29. Bxd6 Qa7+ 30. Kh1 Be7 31. Qe5 Bxd6 32. Bxe6 Qe7 0-1

[Event "SWE-ch 65 2019"]
[Site "Eskilstuna"]
[Date "2019.07.06"]
[Round "1.3"]
[White "Gillefalk, Bjorn"]
[Black "Andersson, Sven-Olof"]
[Result "1-0"]
[ECO "B40"]
[WhiteElo "2071"]
[BlackElo "1885"]
[Annotator "NA"]
[PlyCount "105"]
[EventDate "2019.07.06"]
[EventType "tourn"]
[EventCountry "SWE"]
[SourceTitle "playchess.com"]
[Source "ChessBase"]
[SourceQuality "1"]
[TimeControl "40/5400+30:1800+30"]

1. e4 c5 2. Nf3 e6 3. d3 Nc6 4. g3 g6 5. Bg2 Bg7 6. Nbd2 Nge7 7. h4 h5 8. O-O d6 9. c3 e5 10. Ng5 f6 11. Ngf3 Bg4 12. Qb3 Qd7 13. d4 cxd4 14. cxd4 exd4 15. Re1 Be6 16. Qd1 Rc8 17. Bf1 O-O 18. Nb3 Bg4 19. Be2 Bxf3 20. Bxf3 f5 21. exf5 Qxf5 22. Bf4 Be5 23. Re4 Qh3 24. Bg2 Qg4 25. Bf3 Qh3 26. Bg2 Qd7 27. Bg5 Qf5 28. Bf4 Qd7 29. Bg5 Qf5 30. f4 Bf6 31. Bxf6 Qxf6 32. Nxd4 d5 33. Re6 Qxd4+ 34. Qxd4 Nxd4 35. Rxe7 Rc2 36. Bxd5+ Kh8 37. Rae1 Rxb2 38. Rxb7 Ne2+ 39. Kf2 Nxf4+ 40. Rxb2 Nxd5+ 41. Kg2 Rc8 42. Rb7 a5 43. Ra7 a4 44. Rxa4 Rc2+ 45. Kf3 Rc3+ 46. Ke4 Nf6+ 47. Ke5 Rc6 48. Ra7 Ng4+ 49. Kd4 Rc8 50. Ree7 Rd8+ 51. Rad7 Rxd7+ 52. Rxd7 Nf6 53. Rf7 1-0

[Event "SWE-ch 65 2019"]
[Site "Eskilstuna"]
[Date "2019.07.07"]
[Round "2.1"]
[White "Nilsson, Weine"]
[Black "Bellon Lopez, Juan Manuel"]
[Result "0-1"]
[ECO "B27"]
[WhiteElo "1922"]
[BlackElo "2343"]
[Annotator "NA"]
[PlyCount "72"]
[EventDate "2019.07.06"]
[EventType "tourn"]
[EventCountry "SWE"]
[SourceTitle "playchess.com"]
[Source "ChessBase"]
[SourceQuality "1"]
[TimeControl "40/5400+30:1800+30"]

1. e4 c5 2. c3 g6 3. d4 cxd4 4. cxd4 d5 5. e5 Bg7 6. Nf3 Bg4 7. Nbd2 Nc6 8. Bb5 Qb6 9. Bxc6+ Qxc6 10. O-O Rc8 11. h3 Bf5 12. Qe2 Nh6 13. Ne1 O-O 14. f4 f6 15. Rf3 Qb6 16. Nb3 Be4 17. Rf2 Nf5 18. Qd1 Rc4 19. Nf3 Bxf3 20. Qxf3 e6 21. Be3 Rfc8 22. Re1 Ra4 23. Nc1 Nxe3 24. Qxe3 fxe5 25. fxe5 Qxd4 26. Qxd4 Rxd4 27. Nb3 Ra4 28. a3 b6 29. Rfe2 Rf4 30. Rc1 Rxc1+ 31. Nxc1 Re4 32. Rc2 Bxe5 33. Ne2 Rc4 34. Rd2 Kf7 35. Kf2 a5 36. Kf3 a4 0-1

[Event "SWE-ch 65 2019"]
[Site "Eskilstuna"]
[Date "2019.07.07"]
[Round "2.2"]
[White "Blomstrom, Lars"]
[Black "Westin, Ake"]
[Result "1/2-1/2"]
[ECO "B08"]
[WhiteElo "2153"]
[BlackElo "1975"]
[Annotator "NA"]
[PlyCount "45"]
[EventDate "2019.07.06"]
[EventType "tourn"]
[EventCountry "SWE"]
[SourceTitle "playchess.com"]
[Source "ChessBase"]
[SourceQuality "1"]
[TimeControl "40/5400+30:1800+30"]

1. e4 Nc6 2. Nf3 d6 3. d4 Nf6 4. Nc3 g6 5. h3 Bg7 6. Be3 O-O 7. d5 Nb8 8. Qd2 a6 9. Bh6 b5 10. a3 c5 11. dxc6 Nxc6 12. Bxg7 Kxg7 13. Be2 Bb7 14. Qe3 Qb8 15. O-O Qa7 16. Qxa7 Rxa7 17. Rfe1 Rc8 18. Bd3 Ba8 19. e5 dxe5 20. Nxe5 Nxe5 21. Rxe5 e6 22. Ree1 Nd7 23. Rad1 1/2-1/2

[Event "SWE-ch 65 2019"]
[Site "Eskilstuna"]
[Date "2019.07.07"]
[Round "2.3"]
[White "Salholm, Soren"]
[Black "Gillefalk, Bjorn"]
[Result "1-0"]
[ECO "B31"]
[WhiteElo "1875"]
[BlackElo "2071"]
[Annotator "NA"]
[PlyCount "69"]
[EventDate "2019.07.06"]
[EventType "tourn"]
[EventCountry "SWE"]
[SourceTitle "playchess.com"]
[Source "ChessBase"]
[SourceQuality "1"]
[TimeControl "40/5400+30:1800+30"]

1. e4 c5 2. Nf3 Nc6 3. Bb5 g6 4. O-O Bg7 5. Re1 e5 6. c3 Nge7 7. d3 O-O 8. Be3 d6 9. Qc1 Bg4 10. Nfd2 h6 11. f3 Bc8 12. Nf1 Kh7 13. Bf2 f5 14. Rd1 a6 15. Ba4 f4 16. a3 Be6 17. Nbd2 Rc8 18. Qb1 Qe8 19. b4 cxb4 20. axb4 Qf7 21. Bb3 d5 22. Bc5 Rfd8 23. Qa2 g5 24. Rac1 Qg6 25. c4 dxe4 26. Nxe4 Nf5 27. Bb6 Rg8 28. Nc5 Bf7 29. Ne4 Bf8 30. Bc5 g4 31. fxg4 Nxb4 32. Bxb4 Bxb4 33. gxf5 Qxf5 34. c5 Bxb3 35. Qxb3 1-0

[Event "SWE-ch 65 2019"]
[Site "Eskilstuna"]
[Date "2019.07.07"]
[Round "2.4"]
[White "Dolata, Henryk"]
[Black "Vrabec, Josip"]
[Result "1-0"]
[ECO "B22"]
[WhiteElo "2061"]
[BlackElo "1953"]
[Annotator "NA"]
[PlyCount "79"]
[EventDate "2019.07.06"]
[EventType "tourn"]
[EventCountry "SWE"]
[SourceTitle "playchess.com"]
[Source "ChessBase"]
[SourceQuality "1"]
[TimeControl "40/5400+30:1800+30"]

1. e4 c5 2. c3 e5 3. Nf3 Nc6 4. Bc4 Be7 5. O-O Nf6 6. Re1 d6 7. h3 O-O 8. d3 h6 9. Nbd2 Na5 10. Bb5 a6 11. Ba4 b5 12. Bc2 Be6 13. d4 cxd4 14. cxd4 exd4 15. Nxd4 Bd7 16. b3 Nc6 17. N2f3 Nxd4 18. Nxd4 Rc8 19. Bb2 Bc6 20. Nxc6 Rxc6 21. Rc1 Kh8 22. Qd2 Ng8 23. Bb1 Rxc1 24. Rxc1 Bf6 25. Ba3 Be7 26. Rd1 Qb6 27. Bb4 Rc8 28. Kh1 Bf8 29. f4 Nf6 30. Qd3 Re8 31. Qf3 a5 32. Bc3 Be7 33. e5 Ng8 34. Qd5 dxe5 35. Qxf7 Rf8 36. Qd5 Rd8 37. Qf3 Rxd1+ 38. Qxd1 Qd6 39. Qc2 e4 40. Qxe4 1-0

[Event "SWE-ch 65 2019"]
[Site "Eskilstuna"]
[Date "2019.07.08"]
[Round "3.1"]
[White "Bellon Lopez, Juan Manuel"]
[Black "Alquist, Erik"]
[Result "1/2-1/2"]
[ECO "E75"]
[WhiteElo "2343"]
[BlackElo "1976"]
[Annotator "NA"]
[PlyCount "63"]
[EventDate "2019.07.06"]
[EventType "tourn"]
[EventCountry "SWE"]
[SourceTitle "playchess.com"]
[Source "ChessBase"]
[SourceQuality "1"]
[TimeControl "40/5400+30:1800+30"]

1. c4 Nf6 2. Nc3 g6 3. e4 d6 4. d4 Bg7 5. Bg5 O-O 6. Qd2 c5 7. d5 a6 8. a4 e6 9. Nf3 exd5 10. exd5 Re8+ 11. Be2 Bg4 12. O-O Nbd7 13. Rae1 Qb6 14. h3 Bxf3 15. Bxf3 Ne5 16. Be2 Qb3 17. Qc1 Rab8 18. a5 b6 19. axb6 Rxb6 20. Bxf6 Bxf6 21. Ne4 Bg7 22. Qf4 Qxb2 23. g4 Re7 24. Kg2 Nd7 25. Bf3 Qe5 26. Qc1 Qd4 27. Rd1 Qb2 28. Qg5 Qe5 29. Qc1 Qb2 30. Qg5 Qe5 31. Qc1 Nf6 32. Qc3 1/2-1/2

[Event "SWE-ch 65 2019"]
[Site "Eskilstuna"]
[Date "2019.07.08"]
[Round "3.2"]
[White "Salholm, Soren"]
[Black "Dolata, Henryk"]
[Result "1/2-1/2"]
[ECO "C07"]
[WhiteElo "1875"]
[BlackElo "2061"]
[Annotator "NA"]
[PlyCount "24"]
[EventDate "2019.07.06"]
[EventType "tourn"]
[EventCountry "SWE"]
[SourceTitle "playchess.com"]
[Source "ChessBase"]
[SourceQuality "1"]
[TimeControl "40/5400+30:1800+30"]

1. e4 e6 2. d4 d5 3. Nd2 c5 4. dxc5 Bxc5 5. exd5 Qxd5 6. Ngf3 Nf6 7. Bc4 Qh5 8. O-O O-O 9. Nb3 Be7 10. Qe2 Nbd7 11. Bf4 b6 12. Ne5 Qxe2 1/2-1/2

[Event "SWE-ch 65 2019"]
[Site "Eskilstuna"]
[Date "2019.07.08"]
[Round "3.3"]
[White "Nilsson, Christer"]
[Black "Blomstrom, Lars"]
[Result "1-0"]
[ECO "B15"]
[WhiteElo "1956"]
[BlackElo "2153"]
[Annotator "NA"]
[PlyCount "74"]
[EventDate "2019.07.06"]
[EventType "tourn"]
[EventCountry "SWE"]
[SourceTitle "playchess.com"]
[Source "ChessBase"]
[SourceQuality "1"]
[TimeControl "40/5400+30:1800+30"]

1. e4 c6 2. d4 d5 3. Nc3 dxe4 4. Nxe4 Nf6 5. Nxf6+ exf6 6. c3 Bd6 7. Bd3 O-O 8. Ne2 Re8 9. Qc2 h5 10. Be3 Nd7 11. O-O-O Nf8 12. h3 g6 13. Rhe1 Qc7 14. Kb1 f5 15. g3 Bd7 16. Bf4 Ne6 17. Bxd6 Qxd6 18. h4 Red8 19. f4 Rac8 20. Nc1 a5 21. Re5 b5 22. Be2 f6 23. Re3 Be8 24. Bf3 Bf7 25. d5 cxd5 26. Rxd5 Qb6 27. Qe2 b4 28. Rb5 Qa6 29. Bb7 Qd6 30. Bxc8 Rxc8 31. Rxa5 Nc5 32. cxb4 Ne4 33. Qe1 Nd2+ 34. Ka1 Qxb4 35. Raa3 Rc2 36. Nb3 Bxb3 37. axb3 Nxb3+ 1-0

[Event "SWE-ch 65 2019"]
[Site "Eskilstuna"]
[Date "2019.07.08"]
[Round "3.4"]
[White "Segerstrom, Tore"]
[Black "Enqvist, Gosta"]
[Result "1-0"]
[ECO "B58"]
[WhiteElo "1797"]
[BlackElo "2050"]
[Annotator "NA"]
[PlyCount "93"]
[EventDate "2019.07.06"]
[EventType "tourn"]
[EventCountry "SWE"]
[SourceTitle "playchess.com"]
[Source "ChessBase"]
[SourceQuality "1"]
[TimeControl "40/5400+30:1800+30"]

1. e4 c5 2. Nf3 d6 3. d4 cxd4 4. Nxd4 Nf6 5. Nc3 a6 6. Be2 e5 7. Nf3 Be7 8. O-O O-O 9. h3 Nc6 10. Be3 b5 11. a3 h6 12. Qd2 Be6 13. Rfd1 Kh7 14. Kh2 Qc8 15. Ne1 Rd8 16. Qd3 Bc4 17. Qd2 Bxe2 18. Qxe2 Na5 19. Bb6 Nc4 20. Bxd8 Qxd8 21. b3 Nb6 22. a4 b4 23. Na2 a5 24. c3 d5 25. exd5 Qc7 26. c4 Nbd7 27. Kh1 Nc5 28. Nc1 e4 29. Nc2 Qe5 30. Rb1 Bd6 31. g3 h5 32. Ne3 h4 33. Ng4 Nxg4 34. Qxg4 hxg3 35. fxg3 f5 36. Qf4 Qf6 37. Qh4+ Qxh4 38. gxh4 f4 39. Ne2 Nd3 40. Rf1 f3 41. Nd4 Be5 42. Ne6 Kh6 43. Ng5 Rf8 44. Nxe4 Rf4 45. Nf2 Rd4 46. Nxd3 Rxd3 47. Rbd1 1-0

[Event "SWE-ch 65 2019"]
[Site "Eskilstuna"]
[Date "2019.07.09"]
[Round "4.1"]
[White "Westin, Ake"]
[Black "Bellon Lopez, Juan Manuel"]
[Result "0-1"]
[ECO "A03"]
[WhiteElo "1975"]
[BlackElo "2343"]
[Annotator "NA"]
[PlyCount "52"]
[EventDate "2019.07.06"]
[EventType "tourn"]
[EventCountry "SWE"]
[SourceTitle "playchess.com"]
[Source "ChessBase"]
[SourceQuality "1"]
[TimeControl "40/5400+30:1800+30"]

1. f4 d5 2. Nf3 Nf6 3. e3 g6 4. Be2 Bg7 5. O-O O-O 6. d3 c5 7. Nc3 d4 8. Ne4 Nd5 9. Nxc5 dxe3 10. d4 Nxf4 11. Bxe3 Nxe2+ 12. Qxe2 Nc6 13. c3 b6 14. Nb3 a5 15. Qc4 Qd6 16. d5 Ne5 17. Nxe5 Ba6 18. Qc6 Bxe5 19. Qxd6 exd6 20. Rfd1 a4 21. Nd4 Rfe8 22. Nc2 a3 23. bxa3 Bxc3 24. Rab1 Be2 25. Rdc1 Rac8 26. Kf2 Bd3 0-1

[Event "SWE-ch 65 2019"]
[Site "Eskilstuna"]
[Date "2019.07.09"]
[Round "4.2"]
[White "Dolata, Henryk"]
[Black "Nilsson, Christer"]
[Result "1-0"]
[ECO "C00"]
[WhiteElo "2061"]
[BlackElo "1956"]
[Annotator "NA"]
[PlyCount "96"]
[EventDate "2019.07.06"]
[EventType "tourn"]
[EventCountry "SWE"]
[SourceTitle "playchess.com"]
[Source "ChessBase"]
[SourceQuality "1"]
[TimeControl "40/5400+30:1800+30"]

1. e4 e6 2. b3 d5 3. Bb2 dxe4 4. Nc3 Nf6 5. g4 Be7 6. g5 Nd5 7. Nxe4 Bxg5 8. Bxg7 Rg8 9. Bb2 Nd7 10. Nh3 Bh6 11. Qh5 Rg6 12. O-O-O N7f6 13. Nxf6+ Nxf6 14. Qh4 Nd5 15. Qxd8+ Kxd8 16. Bd3 f5 17. Rhg1 Ke7 18. Be2 Nf6 19. Be5 c6 20. Nf4 Bxf4 21. Bxf4 Bd7 22. f3 Kf7 23. c4 c5 24. Be3 b6 25. d4 cxd4 26. Bxd4 Bc6 27. Kb2 Rag8 28. Rxg6 hxg6 29. a4 Nd7 30. a5 e5 31. Bg1 g5 32. c5 b5 33. Rd6 Rg6 34. Rxc6 Rxc6 35. Bxb5 Nb8 36. Bxc6 Nxc6 37. a6 Ke6 38. Kc3 Nb8 39. Kc4 Nxa6 40. b4 g4 41. fxg4 f4 42. b5 Nc7 43. c6 e4 44. Bxa7 e3 45. b6 Na6 46. Kd3 Nb4+ 47. Ke2 Nxc6 48. b7 Kd5 1-0

[Event "SWE-ch 65 2019"]
[Site "Eskilstuna"]
[Date "2019.07.09"]
[Round "4.3"]
[White "Alquist, Erik"]
[Black "Segerstrom, Tore"]
[Result "1-0"]
[ECO "C97"]
[WhiteElo "1976"]
[BlackElo "1797"]
[Annotator "NA"]
[PlyCount "63"]
[EventDate "2019.07.06"]
[EventType "tourn"]
[EventCountry "SWE"]
[SourceTitle "playchess.com"]
[Source "ChessBase"]
[SourceQuality "1"]
[TimeControl "40/5400+30:1800+30"]

1. e4 e5 2. Nf3 Nc6 3. Bb5 a6 4. Ba4 Nf6 5. O-O Be7 6. Re1 b5 7. Bb3 d6 8. c3 Na5 9. Bc2 c5 10. h3 O-O 11. d4 Qc7 12. Nbd2 Bd7 13. Nf1 Rac8 14. Re2 b4 15. cxb4 cxb4 16. Bd3 Ra8 17. Rc2 Qb8 18. b3 Bb5 19. Bb2 Nd7 20. Rac1 exd4 21. Nxd4 Bxd3 22. Qxd3 Nc5 23. Qf3 Bf6 24. Ng3 Qb7 25. Qg4 Nd3 26. Nh5 Bxd4 27. Bxd4 f5 28. exf5 Nxc1 29. Nxg7 Kf7 30. Ne6 Ke7 31. Qg7+ Rf7 32. Bf6+ 1-0

[Event "SWE-ch 65 2019"]
[Site "Eskilstuna"]
[Date "2019.07.09"]
[Round "4.4"]
[White "Wademark, Helge"]
[Black "Salholm, Soren"]
[Result "1-0"]
[ECO "C58"]
[WhiteElo "2002"]
[BlackElo "1875"]
[Annotator "NA"]
[PlyCount "67"]
[EventDate "2019.07.06"]
[EventType "tourn"]
[EventCountry "SWE"]
[SourceTitle "playchess.com"]
[Source "ChessBase"]
[SourceQuality "1"]
[TimeControl "40/5400+30:1800+30"]

1. e4 e5 2. Nf3 Nc6 3. Bc4 Nf6 4. Ng5 d5 5. exd5 Na5 6. d3 Nxc4 7. dxc4 h6 8. Nf3 Bd6 9. h3 O-O 10. Be3 Nd7 11. Nc3 f5 12. Nb5 f4 13. Nxd6 fxe3 14. Ne4 Nf6 15. Qd3 Nxe4 16. Qxe4 exf2+ 17. Kxf2 Bd7 18. Rhe1 Rf5 19. Kg1 Qf8 20. Nxe5 Be8 21. Rf1 Rxf1+ 22. Rxf1 Qe7 23. Qd4 a5 24. c5 Rd8 25. c4 Bh5 26. c6 b6 27. Nd7 Be8 28. Rf8+ Kh7 29. Qe5 Rxd7 30. Rxe8 Qc5+ 31. Kh2 Rf7 32. Qe4+ g6 33. Qe5 Rg7 34. Rd8 1-0

[Event "SWE-ch 65 2019"]
[Site "Eskilstuna"]
[Date "2019.07.10"]
[Round "5.1"]
[White "Bellon Lopez, Juan Manuel"]
[Black "Dolata, Henryk"]
[Result "1-0"]
[ECO "D02"]
[WhiteElo "2343"]
[BlackElo "2061"]
[Annotator "NA"]
[PlyCount "199"]
[EventDate "2019.07.06"]
[EventType "tourn"]
[EventCountry "SWE"]
[SourceTitle "playchess.com"]
[Source "ChessBase"]
[SourceQuality "1"]
[TimeControl "40/5400+30:1800+30"]

1. d4 e6 2. Nf3 d5 3. Bf4 Nf6 4. e3 c5 5. c3 Nc6 6. Nbd2 Nh5 7. Bg5 Be7 8. Bxe7 Qxe7 9. Ne5 Nf6 10. f4 g6 11. a4 a6 12. Bd3 Nxe5 13. fxe5 Nd7 14. O-O O-O 15. Qg4 f5 16. exf6 Nxf6 17. Qg5 cxd4 18. exd4 Bd7 19. Nf3 Rae8 20. Ne5 Bc8 21. h4 Nd7 22. Rxf8+ Nxf8 23. Qg3 Qg7 24. Rf1 Re7 25. Qg5 Bd7 26. a5 Be8 27. Ng4 Nd7 28. Bc2 Nf8 29. Qf4 Bd7 30. Nh6+ Kh8 31. Qxf8+ Qxf8 32. Rxf8+ Kg7 33. Rg8+ Kxh6 34. g4 e5 35. Bd1 Bxg4 36. Bxg4 exd4 37. Bf3 dxc3 38. bxc3 Re3 39. Kf2 Rxc3 40. Rd8 Rb3 41. Rxd5 b6 42. Kg3 Rb4 43. axb6 Rxb6 44. Rd7 a5 45. Ra7 Rb5 46. Be4 Rc5 47. Rd7 Rb5 48. Bd5 Rb8 49. Ra7 Rd8 50. Rxa5 Rd7 51. Be4 Re7 52. Kf4 Rf7+ 53. Kg4 Re7 54. Bf3 Rc7 55. Bd5 Rd7 56. Kf4 Re7 57. Ra4 Re1 58. Ra7 Re8 59. Rd7 Rb8 60. Ke5 Rf8 61. Be6 Rb8 62. Rc7 Rb4 63. Bc4 Rb8 64. Kf6 Rd8 65. Bb3 Rd4 66. h5 Rf4+ 67. Ke5 Rf5+ 68. Ke4 Rxh5 69. Bg8 Rf5 70. Rxh7+ Kg5 71. Rh1 Kf6 72. Bd5 Re5+ 73. Kd4 Rg5 74. Ra1 Kg7 75. Ra7+ Kh6 76. Bg8 Rb5 77. Ra6 Kg7 78. Bd5 Rb2 79. Be4 Rb4+ 80. Ke3 Kf7 81. Bxg6+ Ke7 82. Be4 Kf7 83. Kf4 Ke7 84. Ke5 Kf7 85. Ra7+ Kf8 86. Bf5 Rb2 87. Kf6 Re2 88. Rf7+ Ke8 89. Rh7 Kd8 90. Rd7+ Ke8 91. Rd4 Kf8 92. Rh4 Rg2 93. Rh1 Rg3 94. Rh4 Rg1 95. Rd4 Re1 96. Bd3 Re3 97. Be4 Re1 98. Bd5 Re2 99. Be4 Re3 100. Bd3 1-0

[Event "SWE-ch 65 2019"]
[Site "Eskilstuna"]
[Date "2019.07.10"]
[Round "5.2"]
[White "Gillefalk, Bjorn"]
[Black "Alquist, Erik"]
[Result "1/2-1/2"]
[ECO "B44"]
[WhiteElo "2071"]
[BlackElo "1976"]
[Annotator "NA"]
[PlyCount "66"]
[EventDate "2019.07.06"]
[EventType "tourn"]
[EventCountry "SWE"]
[SourceTitle "playchess.com"]
[Source "ChessBase"]
[SourceQuality "1"]
[TimeControl "40/5400+30:1800+30"]

1. e4 c5 2. Nf3 e6 3. d4 cxd4 4. Nxd4 Nc6 5. Nb5 d6 6. c4 Nf6 7. N1c3 a6 8. Nd4 Be7 9. Be2 Qc7 10. Be3 O-O 11. O-O Ne5 12. Rc1 b6 13. f4 Ned7 14. f5 Nc5 15. Bf3 e5 16. Nde2 Bb7 17. Nd5 Nxd5 18. cxd5 Qd8 19. Qd2 Rc8 20. Rc2 a5 21. Nc3 Ba6 22. Be2 Bxe2 23. Qxe2 Bg5 24. Rfc1 Bxe3+ 25. Qxe3 Ra8 26. b3 h6 27. Rf1 Qg5 28. Qe2 Kh7 29. Nb5 Rfd8 30. Rc3 Qh4 31. Re3 Rd7 32. f6 Rg8 33. g3 gxf6 1/2-1/2

[Event "SWE-ch 65 2019"]
[Site "Eskilstuna"]
[Date "2019.07.10"]
[Round "5.3"]
[White "Blomstrom, Lars"]
[Black "Wademark, Helge"]
[Result "1/2-1/2"]
[ECO "C11"]
[WhiteElo "2153"]
[BlackElo "2002"]
[Annotator "NA"]
[PlyCount "57"]
[EventDate "2019.07.06"]
[EventType "tourn"]
[EventCountry "SWE"]
[SourceTitle "playchess.com"]
[Source "ChessBase"]
[SourceQuality "1"]
[TimeControl "40/5400+30:1800+30"]

1. e4 e6 2. d4 d5 3. Nc3 Nf6 4. e5 Nfd7 5. f4 c5 6. Nf3 Nc6 7. Be3 Qb6 8. Na4 Qa5+ 9. c3 cxd4 10. b4 Qc7 11. Nxd4 a6 12. Rc1 b5 13. Nb2 Nb6 14. Bd3 Nc4 15. Nxc4 dxc4 16. Be4 Bb7 17. Qf3 Nxd4 18. Bxd4 Bxe4 19. Qxe4 Rd8 20. O-O g6 21. Rcd1 Be7 22. Qe3 Qc6 23. Rd2 O-O 24. g4 f5 25. exf6 Bxf6 26. Bxf6 Rxd2 27. Qxd2 Rxf6 28. Qe3 Qd6 29. Qe5 1/2-1/2

[Event "SWE-ch 65 2019"]
[Site "Eskilstuna"]
[Date "2019.07.10"]
[Round "5.4"]
[White "Lundquist, Leif"]
[Black "Enqvist, Gosta"]
[Result "0-1"]
[ECO "B90"]
[WhiteElo "1885"]
[BlackElo "2050"]
[Annotator "NA"]
[PlyCount "84"]
[EventDate "2019.07.06"]
[EventType "tourn"]
[EventCountry "SWE"]
[SourceTitle "playchess.com"]
[Source "ChessBase"]
[SourceQuality "1"]
[TimeControl "40/5400+30:1800+30"]

1. e4 c5 2. Nf3 d6 3. d4 cxd4 4. Nxd4 Nf6 5. Nc3 a6 6. Be3 Ng4 7. Bg5 h6 8. Bh4 g5 9. Bg3 Bg7 10. h3 Ne5 11. f3 Nbc6 12. Bf2 b5 13. Nd5 Rb8 14. c3 e6 15. Ne3 Nxd4 16. cxd4 Qa5+ 17. Qd2 Qxd2+ 18. Kxd2 Nc6 19. d5 Ne7 20. Bg3 Kd7 21. dxe6+ fxe6 22. Rd1 Ng6 23. Kc1 Nf4 24. h4 Bb7 25. Bd3 Rbc8+ 26. Kb1 Ke7 27. Rd2 Be5 28. Bc2 Ng6 29. Bxe5 Nxe5 30. Rhd1 Rcd8 31. hxg5 hxg5 32. Bb3 g4 33. Rf1 gxf3 34. gxf3 Rdf8 35. Rfd1 Rd8 36. Rf1 Rhf8 37. Rdf2 Rxf3 38. Bc2 Rxe3 39. Rh2 Rf8 40. Rxf8 Kxf8 41. Rh8+ Ke7 42. Rh7+ Nf7 0-1

[Event "SWE-ch 65 2019"]
[Site "Eskilstuna"]
[Date "2019.07.11"]
[Round "6.1"]
[White "Enqvist, Gosta"]
[Black "Bellon Lopez, Juan Manuel"]
[Result "0-1"]
[ECO "A35"]
[WhiteElo "2050"]
[BlackElo "2343"]
[Annotator "NA"]
[PlyCount "102"]
[EventDate "2019.07.06"]
[EventType "tourn"]
[EventCountry "SWE"]
[SourceTitle "playchess.com"]
[Source "ChessBase"]
[SourceQuality "1"]
[TimeControl "40/5400+30:1800+30"]

1. Nf3 c5 2. c4 g6 3. Nc3 Bg7 4. d4 cxd4 5. Nxd4 Nc6 6. e3 d6 7. b3 Nh6 8. Bb2 Qa5 9. Qd2 O-O 10. Nf3 a6 11. a3 Be6 12. Be2 Rac8 13. Rc1 Ng4 14. O-O Qb6 15. b4 a5 16. Na4 Qa7 17. Bxg7 Kxg7 18. b5 Nce5 19. b6 Qa8 20. Nxe5 Nxe5 21. f4 Nd7 22. Qd4+ f6 23. Nc3 Nc5 24. Rb1 Qa6 25. e4 Nd7 26. c5 dxc5 27. Qxd7 Bxd7 28. Bxa6 bxa6 29. b7 Rb8 30. Rb6 Bb5 31. Rd1 e6 32. a4 Bc4 33. Rd7+ Rf7 34. Rxf7+ Kxf7 35. Rc6 Rxb7 36. Rxc5 Bd3 37. e5 g5 38. fxg5 fxg5 39. h3 h5 40. Rc8 Rb2 41. Rd8 Bf5 42. Rd6 Rc2 43. Nd1 Re2 44. Nc3 Rxe5 45. Rxa6 Bc2 46. Rc6 Ke7 47. Kf2 Kd7 48. Rc4 Bb3 49. Rd4+ Kc6 50. Ne2 Kc5 51. h4 Rxe2+ 0-1

[Event "SWE-ch 65 2019"]
[Site "Eskilstuna"]
[Date "2019.07.11"]
[Round "6.2"]
[White "Alquist, Erik"]
[Black "Westin, Ake"]
[Result "0-1"]
[ECO "C10"]
[WhiteElo "1976"]
[BlackElo "1975"]
[Annotator "NA"]
[PlyCount "114"]
[EventDate "2019.07.06"]
[EventType "tourn"]
[EventCountry "SWE"]
[SourceTitle "playchess.com"]
[Source "ChessBase"]
[SourceQuality "1"]
[TimeControl "40/5400+30:1800+30"]

1. e4 e6 2. d4 d5 3. Nc3 Nc6 4. e5 f6 5. Bb5 Bd7 6. Nf3 Qe7 7. O-O Qf7 8. Re1 O-O-O 9. a4 Nge7 10. b3 Ng6 11. Ba3 Nf4 12. Bxc6 Bxc6 13. b4 Bd7 14. b5 Qg6 15. Nh4 Nh3+ 16. Kf1 Qh6 17. Qg4 Bxa3 18. Rxa3 Ng5 19. f4 Nf7 20. Nf3 f5 21. Qh4 Qxh4 22. Nxh4 g5 23. Nf3 h6 24. Rb1 Rhg8 25. Ne2 Nh8 26. Nd2 Rg7 27. Rh3 Nf7 28. Nb3 Rh8 29. Rc3 gxf4 30. Nxf4 Ng5 31. Rg3 Rgg8 32. Nc5 b6 33. Ncd3 Ne4 34. Rxg8+ Rxg8 35. Rb4 Kd8 36. g3 Ke7 37. Nf2 Nc3 38. Nh5 a6 39. Nf6 Ra8 40. Nxd7 Kxd7 41. Rb3 Nxa4 42. bxa6 Rxa6 43. Nd3 c5 44. dxc5 Nxc5 45. Nxc5+ bxc5 46. Rb7+ Kc6 47. Rh7 d4 48. Rxh6 Kd5 49. Ke2 Kxe5 50. Rh8 Ra2 51. Kd2 c4 52. Rc8 Kd5 53. Rd8+ Ke4 54. Kc1 d3 55. cxd3+ cxd3 56. h4 e5 57. h5 Rh2 0-1

[Event "SWE-ch 65 2019"]
[Site "Eskilstuna"]
[Date "2019.07.11"]
[Round "6.3"]
[White "Nilsson, Christer"]
[Black "Gillefalk, Bjorn"]
[Result "0-1"]
[ECO "C63"]
[WhiteElo "1956"]
[BlackElo "2071"]
[Annotator "NA"]
[PlyCount "80"]
[EventDate "2019.07.06"]
[EventType "tourn"]
[EventCountry "SWE"]
[SourceTitle "playchess.com"]
[Source "ChessBase"]
[SourceQuality "1"]
[TimeControl "40/5400+30:1800+30"]

1. e4 e5 2. Nf3 Nc6 3. Bb5 f5 4. Nc3 fxe4 5. Nxe4 Nf6 6. Qe2 d5 7. Nxf6+ gxf6 8. Nh4 Be6 9. Bxc6+ bxc6 10. d4 Qd6 11. Be3 Bg7 12. Qh5+ Kd7 13. O-O-O Rab8 14. c3 c5 15. Nf5 Qb6 16. Rd2 Bf8 17. dxe5 fxe5 18. Ng3 Bd6 19. Rhd1 d4 20. cxd4 cxd4 21. Bh6 Bxa2 22. Rc2 Bb3 23. Qg4+ Be6 24. Qg7+ Be7 25. Qxe5 c5 26. Ne4 Rhc8 27. Nf6+ Bxf6 28. Qxf6 Bb3 29. Qg7+ Kc6 30. Rxd4 Kb5 31. Qd7+ Rc6 32. Rdd2 Bxc2 33. Kxc2 Ka6 34. Bg7 Qb3+ 35. Kb1 Qe6 36. Qd3+ c4 37. Qa3+ Kb7 38. Bc3 Ra6 39. Qc5 Qe1+ 40. Kc2 Qe8 0-1